 Dungeon Crawl Stone Soup version 0.30-a0-986-g7f2e898f52 (webtiles) character file.

Game seed: 16628160630644268387

1374 jimonade the Chopper (level 8, -1/70 HPs)
             Began as a Hill Orc Fighter on Apr 1, 2023.
             Was a Believer of Beogh.
             Slain by a troll (5 damage)
             ... on level 6 of the Dungeon.
             The game lasted 00:14:29 (5590 turns).

jimonade the Chopper (Hill Orc Fighter)             Turns: 5590, Time: 00:14:29

Health: -1/70      AC: 18    Str: 19    XL:     8   Next: 66%
Magic:  12/12      EV:  8    Int: 10    God:    Beogh [**....]
Gold:   252        SH:  0    Dex: 15    Spells: 7/7 levels left

rFire   + . .      SeeInvis .    a - +1 battleaxe
rCold   . . .      Faith    .    (shield currently unavailable)
rNeg    . . .      Spirit   .    o - +1 chain mail of Dice, Bag, and Bottle {rPois rF+ Dex+5}
rPois   +          Reflect  .    F - +0 helmet
rElec   .          Rampage  .    (no cloak)
rCorr   .                        (no gloves)
Will    +....                    v - +1 pair of boots Stlth
                                 (no amulet)
HPRegen 0.31/turn                N - +4 ring of protection
MPRegen 0.13/turn                x - ring of willpower

@: studying Armour
A: no striking features
a: Renounce Religion, Smiting


You were on level 6 of the Dungeon.
You worshipped Beogh.
Beogh was pleased with you.
You visited 2 branches of the dungeon, and saw 7 of its levels.
You also visited: Ossuary.

You collected 252 gold pieces.

Inventory:

Hand Weapons
 a - a +1 battleaxe (weapon)
 b - a +3 dire flail of freezing
 f - a +0 flail
 h - a +3 hand axe of freezing
 q - a +0 dagger of draining
 G - a +0 spear
 I - a +0 war axe
 M - a +0 arbalest
 Q - a +0 halberd
 R - a +0 trident
 T - a +1 flail of protection
 U - a +2 mace
Missiles
 C - 33 stones
 O - a poisoned dart
 P - a throwing net (quivered)
Armour
 c - a +0 buckler
 o - the +1 chain mail of Dice, Bag, and Bottle (worn) {rPois rF+ Dex+5}
   (You found it on level 2 of the Dungeon)

   Dex:       It affects your dexterity (+5).
   rF:        It protects you from fire.
   rPois:     It protects you from poison.
 v - a +1 pair of boots (worn)
 F - a +0 helmet (worn)
Magical Staves
 u - a staff of cold
Jewellery
 r - a ring of protection from fire
 x - a ring of willpower (right hand)
 N - a +4 ring of protection (left hand)
Wands
 J - a wand of flame (16)
 K - a wand of acid (11)
Scrolls
 e - a scroll of immolation
 k - a scroll of magic mapping
 n - a scroll of fear
 t - a scroll of teleportation {unknown}
 y - a scroll of fog {unknown}
 E - a scroll of torment {unknown}
 L - a scroll of identify
 S - a scroll of noise {unknown}
Potions
 d - a potion of might
 g - 3 potions of flight {unknown}
 i - 2 potions of attraction
 j - 4 potions of ambrosia {unknown}
 l - a potion of resistance {unknown}
 m - 2 potions of degeneration {unknown}
 p - 3 potions of mutation
 z - 2 potions of cancellation {unknown}
 A - a potion of brilliance
 B - 3 potions of heal wounds
 D - a potion of curing
 H - 2 potions of lignification


   Skills:
 + Level 5.6 Fighting
 + Level 7.0(7.8) Axes
 + Level 4.2(5.7) Maces & Flails
 + Level 5.7 Armour
 + Level 1.6 Dodging
 + Level 0.1 Stealth
 + Level 4.3 Shields
 * Level 5.6 Invocations
 + Level 0.2 Evocations


You had 7 spell levels left.
You didn't know any spells.
Your spell library contained the following spells:

 Spells                   Type           Power      Damage    Failure   Level
 Freeze                   Ice            0%         1d3       98%         1
 Necrotise                Necr           0%         1d4       98%         1
 Sting                    Tmut/Pois      0%         1d3       98%         1
 Poisonous Vapours        Pois/Air       0%         N/A       99%         2
 Frozen Ramparts          Ice            0%         1d1       100%        3
 Hailstorm                Conj/Ice       0%         3d3       100%        3
 Vampiric Draining        Necr           0%         2d6       100%        3
 Vhi's Electric Charge    Tloc/Air       0%         N/A       100%        3
 Olgreb's Toxic Radiance  Pois           0%         N/A       100%        4
 Agony                    Necr           0%         N/A       100%        5
 Arcjolt                  Conj/Air       0%         1d10      100%        5
 Maxwell's Capacitive Co  Air            0%         ∞         100%        8


Dungeon Overview and Level Annotations

Branches:
Dungeon (6/15)             Temple (1/1) D:4         Ossuary (visited)

Altars:
Ashenzari
Dithmenos
Elyvilon
Fedhas
Gozag
Nemelex Xobeh
Qazlal
Ru
Sif Muna
Vehumet
Xom
The Shining One

Shops:
D:2 [


Message History

You throw a poisoned dart.
The poisoned dart closely misses the troll.
Throw: 2 throwing nets
Press: ? - help, Q - select action, (/) - cycle Shift-Dir - straight line, f/p - troll
Aim: a troll (lightly wounded, poisoned, 60% to hit)
You throw a throwing net.
The throwing net barely misses the troll.
The troll bites you! The troll claws you. x2
You barely miss the troll.
The troll is lightly wounded.
The troll bites you! The troll barely misses you. The troll closely misses you.
You slice the troll!!
The troll is heavily wounded.
The troll bites you. The troll barely misses you.
The troll claws you but does no damage. The troll closely misses you.
The troll claws you. The troll claws you but does no damage.
You completely miss the troll.
The troll is heavily wounded.
The troll looks more healthy.
The troll bites you! The troll claws you! x2
* * * LOW HITPOINT WARNING * * *
You completely miss the troll.
The troll is heavily wounded.
The troll bites you!
* * * LOW HITPOINT WARNING * * *
The troll claws you but does no damage. x2
You completely miss the troll.
The troll is heavily wounded.
The troll barely misses you. The troll claws you but does no damage.
The troll claws you.
* * * LOW HITPOINT WARNING * * *
The troll barely misses you. The troll claws you but does no damage.
The troll closely misses you.
You hit the troll.
The troll is heavily wounded.
The troll barely misses you. x3
You barely miss the troll.
The troll is heavily wounded.
The troll completely misses you. The troll claws you but does no damage.
The troll claws you.
You die...

# ###########.#
#..()(T@.<..#
#.########### #.#
#.# #T## #.)##
####)).##
#.......#######
#...#...#.......#


You could see a troll.

Vanquished Creatures
  2 ogres
  An elf zombie (D:5)
  A gnoll sergeant (D:5)
  2 elf skeletons (D:5)
  3 wights (D:6)
  2 human zombies (D:5)
  2 jellies
  3 orc priests (D:5)
  A human skeleton (D:5)
  Jessica (D:3)
  3 iguanas
  Ijyb (D:4)
  Natasha (thrice) (D:4)
  4 orc wizards (D:6)
  A mummy (Ossuary)
  5 gnolls (D:5)
  6 adders
  2 shadow imps (D:5)
  A white imp (D:5)
  An ufetubus (D:4)
  2 worms
  3 dart slugs
  10 orcs
  2 spectral bats (Ossuary)
  6 ball pythons
  7 endoplasms
  2 giant cockroaches
  11 gnoll zombies (Ossuary)
  5 goblins
  6 hobgoblins
  4 jackals
  6 quokkas
  5 bats
  5 bat simulacra (Ossuary)
  5 frilled lizards
  3 goblin simulacra (Ossuary)
  2 goblin zombies (Ossuary)
  4 hobgoblin zombies (Ossuary)
  2 kobolds
  4 kobold simulacra (Ossuary)
  4 kobold zombies (Ossuary)
  8 orc zombies (Ossuary)
  2 rats
  A rat simulacrum (Ossuary)
  3 spectral goblins (Ossuary)
  2 spectral kobolds (Ossuary)
  2 spectral rats (Ossuary)
161 creatures vanquished.

Vanquished Creatures (others)
  5 plants (D:2)
5 creatures vanquished.

Grand Total: 166 creatures vanquished

Notes
Turn   | Place    | Note
-------+----------+-------------------------------------------
     0 | D:1      | jimonade the Hill Orc Fighter began the quest for the Orb.
     0 | D:1      | Reached XP level 1. HP: 19/19 MP: 1/1
   262 | D:1      | Reached XP level 2. HP: 11/27 MP: 2/2
   339 | D:1      | Reached skill level 1 in Invocations
   838 | D:2      | Reached skill level 3 in Axes
   870 | D:2      | Reached XP level 3. HP: 31/33 MP: 3/3
   896 | D:2      | Found Gyblying's Armour Emporium.
   901 | D:2      | Found a sacrificial altar of Ru.
  1235 | D:2      | Identified the +1 chain mail of Dice, Bag, and Bottle
                  | {rPois rF+ Dex+5}
  1292 | D:2      | Reached XP level 4. HP: 36/36 MP: 4/4
  1659 | D:2      | Found a faded altar of an unknown god.
  1762 | D:3      | Reached skill level 4 in Axes
  1872 | D:3      | Noticed Jessica
  1878 | D:3      | Killed Jessica
  2439 | D:4      | Found a staircase to the Ecumenical Temple.
  2468 | D:4      | Reached XP level 5. HP: 46/46 MP: 6/6
  2766 | D:4      | Noticed an ogre
  2783 | D:4      | Killed an ogre
  2784 | D:4      | Reached skill level 5 in Axes
  2784 | D:4      | Reached XP level 6. HP: 23/53 MP: 6/8
  2942 | D:4      | Noticed Ijyb
  2951 | D:4      | Killed Ijyb
  2989 | D:4      | Noticed Natasha
  2993 | D:4      | Killed Natasha
  3150 | D:4      | Became a worshipper of Beogh the Brigand
  3184 | D:4      | Noticed Natasha
  3201 | D:4      | Killed Natasha
  3212 | Temple   | Entered the Ecumenical Temple
  3386 | D:4      | Noticed Natasha
  3397 | D:4      | Killed Natasha
  3398 | D:4      | Reached skill level 6 in Axes
  3490 | D:5      | Entered Level 5 of the Dungeon
  3600 | D:5      | Reached XP level 7. HP: 60/60 MP: 9/9
  3638 | D:5      | Reached skill level 5 in Fighting
  3638 | D:5      | Reached skill level 1 in Dodging
  3643 | D:5      | Found a sand-covered staircase.
  3657 | Ossuary  | Entered an ossuary
  3704 | Ossuary  | Reached * piety under Beogh
  3941 | Ossuary  | Reached skill level 1 in Maces & Flails
  4090 | Ossuary  | Reached ** piety under Beogh
  4322 | D:5      | Reached skill level 5 in Armour
  4644 | D:5      | Reached XP level 8. HP: 60/68 MP: 11/11
  5213 | D:5      | Reached skill level 5 in Invocations
  5297 | D:5      | Identified a scroll of acquirement
  5297 | D:5      | Acquired a manual of Armour
  5381 | D:6      | Reached skill level 7 in Axes
  5550 | D:6      | Noticed a troll
  5590 | D:6      | Slain by a troll

Illustrated notes

Levels and vault maps discovered:
D:1:      psy_arrival_fountain, layout_basic, st_stairs_2, minmay_heptomino_w4
D:2:      layout_loops_ring, shapermc_ecumenical_altar_petra, serial_shops,
          shop_statue, serial_bayou, serial_bayou_pond_e, serial_bayou_pond_a,
          serial_bayou_lake_a, serial_bayou_pond_d, basic_altar
D:3:      layout_basic, minmay_strange_pillars, uniq_jessica
D:4:      layout_rooms, minmay_temple_entry_waves, grunt_decor_clamped,
          uniq_natasha, uniq_ijyb
D:5:      layout_basic, nicolae_ossuary_entry_catacombs, minmay_liquid_box
D:6:      layout_loops_ring, kiku_gazebo_pond_becter,
          minmay_misc_feat_four_crosses, uniq_blork_the_orc, uniq_eustachio
Temple:   eino_narrow_crystal_temple

Skill      XL: |  1  2  3  4  5  6  7  8 |
---------------+-------------------------+-----
Invocations    | 1 2 3 4 5 |  5.6
Axes           | 3 4 5 6 7 |  7.0
Fighting       | 4 5 |  5.6
Armour         | 4 5 |  5.7
Dodging        | 1 |  1.6
Shields        | 4 |  4.3
Maces & Flails | 2 4 |  4.2
Stealth        | |  0.1
Evocations     | |  0.2

Action                     |  1- 3 |  4- 6 |  7- 9 || total
---------------------------+-------+-------+-------++-------
  Melee: War axe           |   125 |    24 |       ||   149
         Hand axe          |       |   135 |   102 ||   237
         Flail             |       |       |   228 ||   228
         Battleaxe         |       |       |    21 ||    21
  Throw: Dart              |       |       |     3 ||     3
         Throwing net      |       |       |     1 ||     1
 Invoke: Convert to Beogh  |       |     1 |       ||     1
  Evoke: Wand              |       |     4 |       ||     4
    Use: Scroll            |       |    11 |     3 ||    14
 Armour: Scale mail        |    60 |       |       ||    60
         Chain mail        |     6 |    83 |   166 ||   255
  Dodge: Dodged            |    65 |    53 |   108 ||   226
  Block: Buckler           |    29 |    25 |    60 ||   114

Table legend: (Time is in decaauts)
 A = Elapsed time spent in this place.
 B = Non-inter-level travel time spent in this place.
 C = Inter-level travel time spent in this place.
 D = Time resting spent in this place.
 E = Time spent auto-exploring this place.
 F = Levels seen in this place.
 G = Mean time per level.
                   A        B        C        D        E       F      G
               +--------+--------+--------+--------+--------+-----+--------+
         Total |   5751 |   5538 |    213 |    624 |   2975 |   8 |  718.9 |
       Dungeon |   5052 |   4848 |    204 |    440 |   2886 |   6 |  842.0 |
        Temple |    135 |    126 |      9 |     86 |     35 |   1 |  135.0 |
       Ossuary |    562 |    562 |      0 |     98 |     54 |   1 |  562.0 |
               +--------+--------+--------+--------+--------+-----+--------+

Top non-repeatable levels by time:
     D:5: 1344 daAuts
     D:2: 1008 daAuts
     D:4: 937 daAuts
     D:1: 832 daAuts
     D:3: 681 daAuts
 Ossuary: 562 daAuts
     D:6: 248 daAuts
  Temple: 135 daAuts
